[ PARTIDA AOE2 · #505485685 ]
UnrankedJaponeses vs Byzantines
Equipo del jugador · DERR
Equipo rival · VICT
[ ANÁLISIS DE REPETICIÓN · EXTRAÍDO DE LA PARTIDA GRABADA ]
Feudal
10:19
Castillos
22:28
Imperial
37:41
| APM promedio | 31.2 |
| APM pico | 70 |
| eAPM promedio | 14.9 |
| Aldeanos / militares | 90 / 82 |
Foco
⚔️ 32.4% · 🌾 67.6%
Samurai ×42 · Militia ×20 · Battering Ram ×10 · Archer ×3 · Mangonel ×3 · Scorpion ×2
Feudal
9:38
Castillos
26:40
Imperial
45:47
| APM promedio | 56.7 |
| APM pico | 94 |
| eAPM promedio | 29.1 |
| Aldeanos / militares | 153 / 117 |
Foco
⚔️ 30.3% · 🌾 69.7%
Cavalry Archer ×65 · Camel Scout ×31 · Skirmisher ×13 · Scout Cavalry ×5 · Monk ×3
Mapa de la partida
Recursos iniciales + cada clic de construcción. Líneas = muros · curvas = relieve. ◆ oro · ⬟ piedra · ● bayas · ✦ reliquia · ◌ hueco del cierre
Tu base· ✓ Cerrada en 22:28 · 12t muro · 2 puerta(s)
Base de SPRING· ✓ Cerrada en 26:40 · 113t muro · 1 puerta(s)
Terreno inicial suavizado · ◌ = hueco del cierre detectado · pasá el cursor para detalles
Inputs por minuto
— Murschann - - SPRING
Build order — Murschann
Primeras 150 de 276 acciones detectadas
| 0:01 | Crear | Villager (Male) |
| 0:01 | Crear | Villager (Male) |
| 0:02 | Construir | House |
| 0:03 | Construir | House |
| 0:04 | Crear | Villager (Male) |
| 0:15 | Crear | Villager (Male) |
| 1:27 | Crear | Villager (Male) |
| 2:03 | Construir | Lumber Camp |
| 2:05 | Crear | Villager (Male) |
| 2:11 | Crear | Villager (Male) |
| 2:43 | Crear | Villager (Male) |
| 3:11 | Construir | House |
| 3:12 | Construir | House |
| 3:19 | Crear | Villager (Male) |
| 3:44 | Crear | Villager (Male) |
| 3:52 | Construir | Mill |
| 3:54 | Crear | Villager (Male) |
| 4:28 | Crear | Villager (Male) |
| 4:49 | Crear | Villager (Male) |
| 5:11 | Crear | Villager (Male) |
| 5:58 | Crear | Villager (Male) |
| 6:05 | Construir | Palisade Wall |
| 6:16 | Crear | Villager (Male) |
| 6:29 | Construir | House |
| 6:33 | Crear | Villager (Male) |
| 6:54 | Construir | Barracks |
| 6:56 | Construir | House |
| 7:05 | Crear | Villager (Male) |
| 7:05 | Crear | Villager (Male) |
| 7:10 | Construir | Mill |
| 7:35 | Construir | House |
| 7:38 | Construir | Palisade Wall |
| 7:56 | Construir | Mining Camp |
| 8:09 | Investigar | Feudal Age |
| 8:17 | Construir | House |
| 8:39 | Construir | Palisade Gate |
| 8:54 | Crear | Villager (Male) |
| 8:59 | Crear | Militia |
| 8:59 | Crear | Militia |
| 9:09 | Crear | Villager (Male) |
| 9:34 | Crear | Militia |
| 9:56 | Crear | Militia |
| 10:19 | Edad | Edad Feudal |
| 10:24 | Investigar | Man-at-Arms (upgrade) |
| 10:38 | Construir | Archery Range |
| 10:47 | Crear | Villager (Male) |
| 10:51 | Crear | Militia |
| 11:01 | Construir | Blacksmith |
| 11:25 | Crear | Archer |
| 11:25 | Crear | Archer |
| 11:30 | Crear | Villager (Male) |
| 11:30 | Crear | Villager (Male) |
| 12:11 | Crear | Villager (Male) |
| 12:13 | Crear | Archer |
| 12:22 | Construir | Farm |
| 12:22 | Construir | Farm |
| 12:22 | Construir | Farm |
| 12:41 | Crear | Villager (Male) |
| 12:59 | Construir | Farm |
| 12:59 | Construir | Farm |
| 12:59 | Construir | Farm |
| 12:59 | Construir | Farm |
| 13:07 | Construir | House |
| 13:34 | Investigar | Loom |
| 14:20 | Crear | Villager (Male) |
| 14:20 | Crear | Villager (Male) |
| 14:45 | Crear | Villager (Male) |
| 14:53 | Construir | Farm |
| 14:53 | Construir | Farm |
| 14:53 | Construir | Farm |
| 14:53 | Construir | Farm |
| 14:54 | Construir | Farm |
| 14:54 | Construir | Farm |
| 15:06 | Construir | Gate |
| 15:08 | Construir | House |
| 15:09 | Construir | House |
| 15:13 | Construir | Farm |
| 15:13 | Construir | Farm |
| 15:14 | Construir | Farm |
| 15:14 | Construir | Farm |
| 15:17 | Crear | Villager (Male) |
| 15:50 | Crear | Villager (Male) |
| 16:08 | Crear | Villager (Male) |
| 16:32 | Construir | Farm |
| 16:33 | Construir | Farm |
| 16:46 | Investigar | Double-Bit Axe |
| 16:55 | Investigar | Horse Collar |
| 16:55 | Investigar | Horse Collar |
| 16:58 | Crear | Villager (Male) |
| 16:59 | Crear | Villager (Male) |
| 17:15 | Construir | Farm |
| 17:18 | Crear | Villager (Male) |
| 17:34 | Crear | Villager (Male) |
| 17:52 | Construir | Mill |
| 17:52 | Construir | Farm |
| 17:52 | Construir | Farm |
| 17:53 | Construir | Farm |
| 17:58 | Construir | Farm |
| 18:31 | Crear | Villager (Male) |
| 18:35 | Construir | Lumber Camp |
| 18:42 | Crear | Villager (Male) |
| 18:47 | Construir | Farm |
| 18:57 | Construir | Watch Tower |
| 19:18 | Construir | Mining Camp |
| 19:48 | Investigar | Castle Age |
| 19:48 | Investigar | Castle Age |
| 20:38 | Crear | Militia ×5 |
| 20:43 | Investigar | Scale Mail Armor |
| 22:01 | Crear | Militia |
| 22:01 | Crear | Militia ×5 |
| 22:28 | Edad | Edad de los Castillos |
| 22:30 | Construir | Siege Workshop |
| 22:35 | Investigar | Bow Saw |
| 22:42 | Construir | Town Center |
| 22:52 | Investigar | Long Swordsman (upgrade) |
| 22:52 | Investigar | Gambesons |
| 23:20 | Crear | Battering Ram |
| 23:20 | Crear | Battering Ram |
| 23:29 | Investigar | Squires |
| 23:32 | Investigar | Chain Mail Armor |
| 23:33 | Investigar | Forging |
| 23:36 | Crear | Villager (Male) |
| 23:36 | Crear | Villager (Male) |
| 23:48 | Crear | Scorpion |
| 24:07 | Crear | Scorpion |
| 24:08 | Crear | Villager (Male) |
| 24:09 | Crear | Villager (Male) |
| 24:25 | Crear | Villager (Male) |
| 24:25 | Crear | Villager (Male) |
| 24:45 | Crear | Battering Ram |
| 25:41 | Crear | Villager (Male) |
| 25:58 | Crear | Mangonel |
| 26:00 | Investigar | Thumb Ring |
| 26:02 | Crear | Militia |
| 26:02 | Crear | Militia |
| 26:22 | Investigar | Crossbowman (upgrade) |
| 26:30 | Investigar | Iron Casting |
| 26:31 | Investigar | Fletching |
| 26:46 | Crear | Battering Ram |
| 26:46 | Crear | Battering Ram |
| 26:48 | Crear | Militia |
| 26:48 | Crear | Militia |
| 26:52 | Construir | House |
| 26:52 | Construir | House |
| 26:53 | Construir | House |
| 26:53 | Construir | House |
| 26:53 | Construir | House |
| 27:09 | Crear | Villager (Male) |
| 27:09 | Crear | Villager (Male) |
| 27:14 | Construir | House |
Build order — SPRING
Primeras 150 de 446 acciones detectadas
| 0:01 | Crear | Villager (Male) |
| 0:01 | Crear | Villager (Male) |
| 0:02 | Construir | House |
| 0:02 | Crear | Villager (Male) |
| 0:03 | Crear | Villager (Male) |
| 0:05 | Construir | House |
| 1:28 | Crear | Villager (Male) |
| 1:29 | Crear | Villager (Male) |
| 2:01 | Construir | Lumber Camp |
| 2:02 | Crear | Villager (Male) |
| 2:18 | Crear | Villager (Male) |
| 2:18 | Crear | Villager (Male) |
| 2:50 | Crear | Villager (Male) |
| 2:50 | Crear | Villager (Male) |
| 3:08 | Crear | Villager (Male) |
| 3:30 | Construir | House |
| 3:52 | Construir | House |
| 3:55 | Crear | Villager (Male) |
| 3:55 | Crear | Villager (Male) |
| 4:17 | Crear | Villager (Male) |
| 4:17 | Crear | Villager (Male) |
| 4:29 | Crear | Villager (Male) |
| 4:29 | Crear | Villager (Male) |
| 4:30 | Crear | Villager (Male) |
| 4:43 | Construir | Mill |
| 5:23 | Construir | Palisade Wall |
| 5:25 | Construir | Palisade Wall |
| 5:31 | Crear | Villager (Male) |
| 5:32 | Crear | Villager (Male) |
| 5:32 | Crear | Villager (Male) |
| 5:51 | Crear | Villager (Male) |
| 5:51 | Crear | Villager (Male) |
| 5:56 | Crear | Villager (Male) |
| 5:56 | Crear | Villager (Male) |
| 6:02 | Construir | House |
| 6:06 | Construir | Palisade Wall |
| 6:10 | Construir | Palisade Wall |
| 6:11 | Crear | Villager (Male) |
| 6:11 | Crear | Villager (Male) |
| 6:11 | Crear | Villager (Male) |
| 6:15 | Construir | Palisade Wall |
| 6:40 | Crear | Villager (Male) |
| 6:40 | Crear | Villager (Male) |
| 6:45 | Investigar | Loom |
| 7:28 | Investigar | Feudal Age |
| 7:40 | Construir | Palisade Wall |
| 7:42 | Construir | Palisade Wall |
| 7:46 | Construir | Palisade Wall |
| 8:46 | Construir | Lumber Camp |
| 9:06 | Crear | Villager (Male) |
| 9:38 | Edad | Edad Feudal |
| 9:44 | Crear | Villager (Male) |
| 9:46 | Investigar | Double-Bit Axe |
| 10:01 | Construir | Barracks |
| 10:06 | Crear | Villager (Male) |
| 10:20 | Crear | Villager (Male) |
| 10:52 | Construir | Stone Wall |
| 10:58 | Construir | Archery Range |
| 11:00 | Crear | Villager (Male) |
| 11:16 | Construir | Stone Wall |
| 11:17 | Construir | Stone Wall |
| 11:19 | Construir | Stone Wall |
| 11:41 | Crear | Villager (Male) |
| 11:46 | Construir | Stone Wall |
| 11:49 | Construir | Stone Wall |
| 11:50 | Construir | Stone Wall |
| 11:51 | Construir | Stone Wall |
| 11:53 | Crear | Skirmisher |
| 11:54 | Crear | Skirmisher |
| 11:54 | Crear | Skirmisher |
| 11:54 | Crear | Skirmisher |
| 12:03 | Crear | Villager (Male) |
| 12:17 | Construir | Stone Wall |
| 12:18 | Construir | Stone Wall |
| 12:24 | Crear | Skirmisher |
| 12:24 | Crear | Skirmisher |
| 12:28 | Construir | House |
| 12:48 | Construir | Mill |
| 12:54 | Construir | Stone Wall |
| 12:57 | Crear | Skirmisher |
| 13:10 | Crear | Skirmisher |
| 13:10 | Crear | Skirmisher |
| 13:13 | Construir | House |
| 13:22 | Crear | Villager (Male) |
| 13:39 | Construir | Stone Wall |
| 13:40 | Construir | Stone Wall |
| 13:42 | Construir | Stone Wall |
| 13:46 | Construir | Stone Wall |
| 13:50 | Crear | Skirmisher |
| 13:50 | Crear | Skirmisher |
| 13:52 | Construir | House |
| 14:07 | Construir | Stone Wall |
| 14:12 | Construir | Mining Camp |
| 14:15 | Crear | Villager (Male) |
| 14:18 | Construir | Blacksmith |
| 14:19 | Crear | Villager (Male) |
| 14:20 | Crear | Villager (Male) |
| 14:47 | Construir | Gate |
| 14:55 | Crear | Villager (Male) |
| 14:58 | Construir | Farm |
| 14:58 | Construir | Farm |
| 14:58 | Construir | Farm |
| 15:04 | Construir | Stone Wall |
| 15:24 | Construir | Farm |
| 15:24 | Construir | Farm |
| 15:24 | Construir | Farm |
| 15:25 | Crear | Villager (Male) |
| 15:57 | Investigar | Fletching |
| 15:57 | Investigar | Fletching |
| 16:06 | Crear | Villager (Male) |
| 16:09 | Construir | Farm |
| 16:22 | Construir | Outpost |
| 16:25 | Crear | Villager (Male) |
| 16:28 | Construir | Farm |
| 16:28 | Construir | Farm |
| 16:29 | Construir | Farm |
| 16:29 | Crear | Villager (Male) |
| 16:39 | Crear | Villager (Male) |
| 16:39 | Crear | Villager (Male) |
| 16:53 | Construir | Outpost |
| 16:58 | Construir | Farm |
| 16:59 | Crear | Villager (Male) |
| 17:07 | Construir | House |
| 17:17 | Crear | Villager (Male) |
| 17:18 | Crear | Villager (Male) |
| 17:19 | Crear | Villager (Male) |
| 17:28 | Construir | Watch Tower |
| 17:33 | Construir | Palisade Wall |
| 17:33 | Construir | Palisade Wall |
| 17:33 | Construir | Palisade Wall |
| 17:34 | Construir | Palisade Wall |
| 17:34 | Construir | Palisade Wall |
| 17:34 | Construir | Palisade Wall |
| 17:35 | Construir | Palisade Wall |
| 17:35 | Construir | Palisade Wall |
| 17:39 | Construir | House |
| 17:41 | Crear | Villager (Male) |
| 17:41 | Crear | Villager (Male) |
| 17:42 | Crear | Villager (Male) |
| 17:53 | Crear | Villager (Male) |
| 17:57 | Crear | Villager (Male) |
| 18:12 | Construir | House |
| 18:13 | Crear | Villager (Male) |
| 18:13 | Crear | Villager (Male) |
| 18:42 | Construir | Stable |
| 18:48 | Crear | Villager (Male) |
| 19:00 | Construir | Watch Tower |
| 19:13 | Construir | Farm |
| 19:13 | Crear | Villager (Male) |
| 19:14 | Crear | Villager (Male) |
Cronología de la partida
| 5:23 | SPRING · wall_segment Palisade Wall x5 |
| 5:25 | SPRING · wall_segment Palisade Wall x12 |
| 6:05 | Murschann · wall_segment Palisade Wall x6 |
| 6:06 | SPRING · wall_segment Palisade Wall x1 |
| 6:10 | SPRING · wall_segment Palisade Wall x1 |
| 6:15 | SPRING · wall_segment Palisade Wall x3 |
| 6:54 | Murschann · first_building Barracks |
| 7:38 | Murschann · wall_segment Palisade Wall x6 |
| 7:40 | SPRING · wall_segment Palisade Wall x10 |
| 7:42 | SPRING · wall_segment Palisade Wall x9 |
| 7:46 | SPRING · wall_segment Palisade Wall x12 |
| 9:38 | SPRING · age_up feudal |
| 10:01 | SPRING · first_building Barracks |
| 10:19 | Murschann · age_up feudal |
| 10:38 | Murschann · first_building Archery Range |
| 10:52 | SPRING · wall_segment Stone Wall x1 |
| 10:58 | SPRING · first_building Archery Range |
| 11:16 | SPRING · wall_segment Stone Wall x1 |
| 11:17 | SPRING · wall_segment Stone Wall x1 |
| 11:19 | SPRING · wall_segment Stone Wall x1 |
| 11:46 | SPRING · wall_segment Stone Wall x1 |
| 11:49 | SPRING · wall_segment Stone Wall x1 |
| 11:50 | SPRING · wall_segment Stone Wall x1 |
| 11:51 | SPRING · wall_segment Stone Wall x1 |
| 12:17 | SPRING · wall_segment Stone Wall x1 |
| 12:18 | SPRING · wall_segment Stone Wall x1 |
| 12:54 | SPRING · wall_segment Stone Wall x4 |
| 13:39 | SPRING · wall_segment Stone Wall x1 |
| 13:40 | SPRING · wall_segment Stone Wall x1 |
| 13:42 | SPRING · wall_segment Stone Wall x1 |
| 13:46 | SPRING · wall_segment Stone Wall x5 |
| 14:07 | SPRING · wall_segment Stone Wall x1 |
| 15:04 | SPRING · wall_segment Stone Wall x3 |
| 17:33 | SPRING · wall_segment Palisade Wall x2 |
| 17:33 | SPRING · wall_segment Palisade Wall x2 |
| 17:33 | SPRING · wall_segment Palisade Wall x3 |
| 17:34 | SPRING · wall_segment Palisade Wall x1 |
| 17:34 | SPRING · wall_segment Palisade Wall x1 |
| 17:34 | SPRING · wall_segment Palisade Wall x1 |
| 17:35 | SPRING · wall_segment Palisade Wall x1 |
| 17:35 | SPRING · wall_segment Palisade Wall x1 |
| 18:42 | SPRING · first_building Stable |
| 19:42 | SPRING · wall_segment Palisade Wall x2 |
| 19:42 | SPRING · wall_segment Palisade Wall x1 |
| 19:42 | SPRING · wall_segment Palisade Wall x2 |
| 19:42 | SPRING · wall_segment Palisade Wall x1 |
| 19:43 | SPRING · wall_segment Palisade Wall x2 |
| 19:43 | SPRING · wall_segment Palisade Wall x2 |
| 19:43 | SPRING · wall_segment Palisade Wall x1 |
| 21:17 | SPRING · wall_segment Stone Wall x1 |
| 21:18 | SPRING · wall_segment Stone Wall x1 |
| 21:19 | SPRING · wall_segment Stone Wall x1 |
| 21:19 | SPRING · wall_segment Stone Wall x1 |
| 21:21 | SPRING · wall_segment Stone Wall x1 |
| 21:22 | SPRING · wall_segment Stone Wall x1 |
| 21:52 | SPRING · wall_segment Palisade Wall x1 |
| 21:52 | SPRING · wall_segment Palisade Wall x1 |
| 21:52 | SPRING · wall_segment Palisade Wall x1 |
| 21:53 | SPRING · wall_segment Palisade Wall x1 |
| 21:53 | SPRING · wall_segment Palisade Wall x1 |
| 21:53 | SPRING · wall_segment Palisade Wall x1 |
| 21:53 | SPRING · wall_segment Palisade Wall x1 |
| 21:54 | SPRING · wall_segment Palisade Wall x1 |
| 21:54 | SPRING · wall_segment Palisade Wall x1 |
| 21:54 | SPRING · wall_segment Palisade Wall x2 |
| 21:54 | SPRING · wall_segment Palisade Wall x1 |
| 21:54 | SPRING · wall_segment Palisade Wall x1 |
| 21:58 | SPRING · wall_segment Palisade Wall x1 |
| 22:28 | Murschann · age_up castle |
| 22:30 | Murschann · first_building Siege Workshop |
| 23:10 | SPRING · wall_segment Palisade Wall x1 |
| 23:10 | SPRING · wall_segment Palisade Wall x1 |
| 23:10 | SPRING · wall_segment Palisade Wall x1 |
| 23:10 | SPRING · wall_segment Palisade Wall x1 |
| 23:11 | SPRING · wall_segment Palisade Wall x1 |
| 23:11 | SPRING · wall_segment Palisade Wall x1 |
| 23:11 | SPRING · wall_segment Palisade Wall x1 |
| 23:11 | SPRING · wall_segment Palisade Wall x2 |
| 23:11 | SPRING · wall_segment Palisade Wall x1 |
| 23:11 | SPRING · wall_segment Palisade Wall x2 |
| 23:12 | SPRING · wall_segment Palisade Wall x1 |
| 23:16 | SPRING · wall_segment Palisade Wall x1 |
| 25:41 | SPRING · wall_segment Palisade Wall x1 |
| 25:41 | SPRING · wall_segment Palisade Wall x2 |
| 25:41 | SPRING · wall_segment Palisade Wall x2 |
| 25:42 | SPRING · wall_segment Palisade Wall x1 |
| 25:42 | SPRING · wall_segment Palisade Wall x2 |
| 25:43 | SPRING · wall_segment Palisade Wall x1 |
| 25:43 | SPRING · wall_segment Palisade Wall x2 |
| 25:49 | SPRING · wall_segment Palisade Wall x2 |
| 25:49 | SPRING · wall_segment Palisade Wall x2 |
| 25:49 | SPRING · wall_segment Palisade Wall x1 |
| 25:50 | SPRING · wall_segment Palisade Wall x1 |
| 25:50 | SPRING · wall_segment Palisade Wall x1 |
| 25:50 | SPRING · wall_segment Palisade Wall x2 |
| 25:51 | SPRING · wall_segment Palisade Wall x2 |
| 26:40 | SPRING · age_up castle |
| 27:32 | SPRING · wall_segment Stone Wall x1 |
| 29:59 | Murschann · first_building Castle |
| 37:10 | Murschann · wall_segment Stone Wall x10 |
| 37:41 | Murschann · age_up imperial |
| 39:16 | Murschann · first_market_buy 100 wood |
| 41:27 | SPRING · first_market_buy 100 food |
| 41:46 | SPRING · first_building Siege Workshop |
| 41:52 | SPRING · first_building Monastery |
| 42:40 | Murschann · wall_segment Palisade Wall x1 |
| 42:41 | Murschann · wall_segment Palisade Wall x1 |
| 45:47 | SPRING · age_up imperial |
| 46:03 | SPRING · first_building Castle |
| 48:47 | Murschann · resign |
[ ANÁLISIS IA · 1 CRÉDITO ]
¿Qué pasó realmente en esta partida?
Wolo.gg analiza cada decisión: build order, eco, micro, errores típicos por bracket. Análisis personalizado por WhatsApp o Discord en 30 segundos.
Guía civ
Japoneses
Perfil
Murschann